[Event "7th Sharjah Challengers 2024"]
[Site "Sharjah"]
[Date "2024.05.18"]
[Round "5.1"]
[White "Lashkin, Jegor"]
[Black "Viani Antonio Dcunha"]
[Result "1-0"]
[ECO "D37"]
[WhiteElo "2449"]
[BlackElo "2394"]
[Annotator "TA"]
[PlyCount "69"]
[EventDate "2024.05.13"]
[EventType "swiss"]
[EventCountry "UAE"]
[SourceTitle "playchess.com"]
[Source "ChessBase"]
[SourceQuality "1"]
[TimeControl "5400+30"]

1. d4 Nf6 2. c4 e6 3. Nf3 d5 4. Nc3 Be7 5. Bf4 O-O 6. e3 c5 7. dxc5 Bxc5 8. Qc2 Nc6 9. Rd1 Qa5 10. a3 Be7 11. Be2 Ne4 12. cxd5 Nxc3 13. bxc3 {[%emt 0:00:12] White has an edge.} exd5 14. O-O h6 15. a4 Rd8 16. Rb1 {[%emt 0:04:17] And now Rb5 would win.} Bf6 17. Nd4 a6 {[%emt 0:06:28] Repels Rb5} 18. Rfc1 Qc5 19. Qb2 Re8 20. Rd1 Ne5 21. Qb4 Qe7 22. h3 Nc6 23. Nxc6 bxc6 24. Qxe7 Rxe7 25. Rb6 Bxc3 26. Rxc6 Bf6 27. a5 {[%emt 0:10:41] White has more active pieces.} (27. Rxd5 Bb7 28. Rxf6 Bxd5 $15) 27... Be6 28. Rb1 ({Reject} 28. Bxa6 $6 Rea7 29. Be2 Rxa5 $11) (28. Rxa6 $6 Rxa6 29. Bxa6 Ra7 $11) 28... g5 (28... Bf5 $16 {was worth a try.} 29. Rbb6 d4) 29. Bd6 $1 $36 {[%emt 0:01:53][%mdl 2048] Black is under strong pressure.} (29. Rxa6 $2 {perishes.} Rxa6 30. Bxa6 gxf4 $19) 29... Rd7 30. Bxa6 Bd8 (30... d4 $142) 31. Bb7 Rxa5 32. Bc8 Rda7 $2 (32... d4 33. exd4 (33. Bxd7 Bxd7 34. Rc4 dxe3 $16) 33... Rd5) 33. Bxe6 {[%emt 0:00:18] White is clearly winning.} fxe6 {[%emt 0:01:00] [#]} 34. Rb8 $1 Rd7 {[%emt 0:01:07] [#]} 35. Bc7 $1 {[%emt 0:00:21] Weighted Error Value: White=0.03 (flawless) /Black=0.29 (precise) .  Mistake:       	---       	Black=3      Inaccurate:     	---       	Black=1      OK:         	White=12    	Black=7      Best:        	White=2     	---        Strong:       	White=1     	---} 1-0

[Event "7th Sharjah Challengers 2024"]
[Site "Sharjah"]
[Date "2024.05.18"]
[Round "5.2"]
[White "Divya Deshmukh"]
[Black "Aradhya, Garg"]
[Result "1-0"]
[ECO "C55"]
[WhiteElo "2443"]
[BlackElo "2388"]
[Annotator "TA"]
[PlyCount "71"]
[EventDate "2024.05.13"]
[EventType "swiss"]
[EventCountry "UAE"]
[SourceTitle "playchess.com"]
[Source "ChessBase"]
[SourceQuality "1"]
[TimeControl "5400+30"]

1. e4 e5 2. Nf3 Nc6 3. Bb5 a6 4. Ba4 Nf6 5. O-O Be7 6. d3 b5 7. Bb3 d6 8. c3 O-O 9. h3 Na5 10. Bc2 c5 11. d4 d5 12. Nxe5 dxe4 {[%emt 0:08:08] The position is equal.} 13. dxc5 Bxc5 14. Qxd8 Rxd8 15. b4 Bd6 16. Ng4 Nxg4 17. hxg4 Nc4 18. Bxe4 Ra7 19. Nd2 $36 {[%emt 0:00:00][%mdl 2048] White has some pressure.} Bxg4 (19... Rc7 $11) 20. Nxc4 $16 bxc4 21. Bg5 {[%emt 0:00:00] Against Re7} Re8 {[%emt 0:09:33] Black is now going downhill.} (21... Rb8 $14) 22. f3 $1 h6 23. Be3 Rae7 24. Bd4 Bh5 ({Black should try} 24... Bc8 $14) 25. a4 Bg6 26. Bc6 Rc8 27. b5 Bg3 {[%emt 0:04:41] Against Rfe1} 28. Bf2 Be5 (28... Bxf2+ $16 {was called for.} 29. Kxf2 (29. Rxf2 Bd3 $16) 29... Rec7) 29. Rae1 $18 Bd3 {[%emt 0:04:06] [#]} 30. f4 $1 axb5 ({Avoid the trap} 30... Bxf1 $2 31. Rxe5 Rxe5 32. fxe5 axb5 33. axb5 $18) 31. axb5 Bxf1 (31... Bd6 $142) 32. Rxe5 Rxe5 33. fxe5 Rxc6 $2 (33... Bd3 $18 34. b6 Rxc6) 34. bxc6 {[%emt 0:00:00] KB-KB. White mates.} Bd3 {[%emt 0:00:16] [#]} 35. e6 $1 Be4 (35... fxe6 36. c7) 36. c7 {[%emt 0:00:00] Weighted Error Value: White=0.05 (flawless) /Black=0.45.  Mistake:       	---       	Black=6      Inaccurate:     	White=2     	---        OK:         	White=10    	Black=11     Best:        	White=2     	---        Strong:       	White=2     	---} 1-0

[Event "7th Sharjah Challengers 2024"]
[Site "Sharjah"]
[Date "2024.05.18"]
[Round "5.3"]
[White "Kanyamarala, Tarun"]
[Black "Garifullina, Leya"]
[Result "0-1"]
[ECO "D38"]
[WhiteElo "2302"]
[BlackElo "2431"]
[Annotator "TA"]
[PlyCount "108"]
[EventDate "2024.05.13"]
[EventType "swiss"]
[EventCountry "UAE"]
[SourceTitle "playchess.com"]
[Source "ChessBase"]
[SourceQuality "1"]
[TimeControl "5400+30"]

1. d4 Nf6 2. c4 e6 3. Nf3 d5 4. Nc3 Bb4 5. Qa4+ Nc6 6. e3 O-O 7. Qc2 Re8 8. Bd2 Bf8 9. a3 {[%emt 0:00:37] The position is equal.} e5 10. dxe5 Nxe5 11. cxd5 Nxf3+ 12. gxf3 Nxd5 13. h4 a5 14. O-O-O {[%emt 0:06:26] [#] Threatens to win with Be1.} Nb4 $1 15. axb4 axb4 16. Nb1 {[%emt 0:00:48][%cal Od2b4] Strongly threatening Bxb4!} Qf6 $1 {[%emt 0:01:30][%mdl 1024] Black has strong compensation.} 17. f4 {[%emt 0:26:10] Dodges Re5} (17. Qxc7 $2 Bf5 18. Bc3 bxc3 19. Qxc3 Rec8 $19) (17. e4 $142) 17... Bg4 (17... Ra5 $142 {White must now prevent ...Rc5.} 18. Bd3 (18. Qxc7 $2 Rc5+ $19) 18... Bf5 19. Bxf5 (19. Qxc7 $2 Rc5+ $19) 19... Rxf5 20. Bxb4 (20. Qxc7 $2 Rc5+ $19) 20... Bxb4) 18. Bc4 Ra5 {[%emt 0:05:12][%cal Of6c6] ...Qc6! is the strong threat. Black is more active.} 19. Rde1 $2 {[%emt 0:08:08] Now White is beyond hope.} (19. e4 $17 {was worth a try.}) 19... Qc6 $1 $19 20. e4 {[%emt 0:10:51] Prevents Bf5} Rc5 21. b3 Bf3 (21... b5 $142 22. Bxb4 bxc4 (22... Rxc4 $2 23. bxc4 Bxb4 24. cxb5 $17) 23. Bxc5 cxb3 (23... Bxc5 24. Qxc4 Be6 25. Qc3 $15) (23... Qxc5 24. Re3 $17) 24. Qxb3 Bxc5 (24... Qxc5+ 25. Qc2 $11)) 22. Bxb4 {[%emt 0:05:29] [#]} Rxc4 (22... Bxe4 23. Rxe4 Rxe4 24. Bxc5 Rxc4 25. Qxc4 $14) 23. Qxc4 Qxc4+ (23... Bxb4 24. Qxc6 bxc6 25. e5 Bxh1 (25... Bxe1 26. Rxe1 Rb8 27. Nd2 $15) 26. Rxh1 $17) 24. bxc4 {[%emt 0:00:05] aiming for Bxf8.} Bxb4 25. e5 Bxh1 (25... Bxe1 26. Rxe1 Rd8 27. Nd2 $17) 26. Rxh1 {[%emt 0:00:05][%mdl 4096] Endgame. [#] KRB-KRN} f6 $1 27. Rh3 fxe5 28. Rb3 Bc5 29. Rxb7 Bxf2 (29... exf4 30. f3 $15) 30. fxe5 (30. f5 $17) 30... c5 (30... Rxe5 31. Rxc7 Bxh4 32. Nd2) 31. Nd2 Rxe5 32. Nf3 (32. Kc2 {is a better defense.}) 32... Rf5 33. Rb8+ Kf7 34. Ng5+ Kg6 35. Rb6+ Rf6 36. Rxf6+ (36. Ne6) 36... gxf6 {[%emt 0:00:03] KB-KN} 37. Ne4 Bd4 ({Weaker is} 37... Bxh4 38. Kd2 $17) 38. Kd2 Kf5 (38... Kh5 $2 39. Ke2 $19) 39. Nd6+ Kg4 40. Ke2 f5 {[%emt 0:00:36][%cal Of5f4] ( -> ...f4!)} 41. h5 f4 (41... Kxh5 42. Nxf5 Be5 43. Kf3 $11) 42. h6 f3+ 43. Kf1 Be3 44. Ne4 Kf5 ({Worse is} 44... Bxh6 45. Nxc5 Be3 46. Nd3 $11) 45. Nf2 Bxf2 {[%emt 0:00:43] Black mates.} 46. Kxf2 {[%emt 0:00:01] K3P-KPP} Ke4 47. Kf1 Kd4 48. Kf2 Kxc4 49. Kxf3 {[%emt 0:00:08] KPP-KP} Kd3 50. Kf4 c4 51. Kf5 c3 52. Kf6 c2 53. Kg7 c1=Q ({Not} 53... c1=B 54. Kxh7 Bg5 55. Kg8 $11) 54. Kxh7 Qg5 {[%emt 0:00:00] Weighted Error Value: White=0.80/Black=0.10 (very precise) .  Loses game:     	White=1     	---        Mistake:       	White=5     	Black=2      Inaccurate:     	White=3     	Black=1      OK:         	White=7     	Black=12     Best:        	White=2     	Black=2      Strong:       	---       	Black=2} 0-1

[Event "7th Sharjah Challengers 2024"]
[Site "Sharjah"]
[Date "2024.05.18"]
[Round "5.4"]
[White "Sammed Jaykumar, Shete"]
[Black "Delgado Ramirez, Neuris"]
[Result "0-1"]
[ECO "C62"]
[WhiteElo "2383"]
[BlackElo "2489"]
[Annotator "TA"]
[PlyCount "62"]
[EventDate "2024.05.13"]
[EventType "swiss"]
[EventCountry "UAE"]
[SourceTitle "playchess.com"]
[Source "ChessBase"]
[SourceQuality "1"]
[TimeControl "5400+30"]

1. e4 e5 2. Nf3 Nc6 3. Bb5 d6 4. h3 a6 5. Bxc6+ bxc6 6. d4 exd4 7. Qd2 {[%emt 1:27:54] [#]} (7. O-O $11) 7... d3 8. Qxd3 {[%emt 0:00:00] White is slightly better.} Ne7 9. Qd4 ({White should play} 9. O-O $14) 9... c5 $11 10. O-O $2 Ng6 $2 (10... cxd4 $19 11. Nxd4 g6) 11. Qd3 f6 12. Be3 Rb8 13. b3 Be7 14. Nfd2 O-O 15. f4 f5 16. c4 Bf6 17. Nc3 Re8 18. Rae1 Bxc3 19. Qxc3 Bb7 20. exf5 Nh4 21. g4 (21. Rf2 $11) 21... Ng2 $17 {[%emt 0:01:09] Black is more active.} 22. Re2 {[%emt 0:00:00] [#]} Qe7 ({Better is} 22... Qh4 $1 $17 23. Kh2 (23. Rxg2 $2 Qxh3 $19) 23... Qe7) 23. Qd3 $2 {[%emt 0:00:00] [#] This move loses the game for White.} Qxe3+ $1 $19 (23... Nxe3 24. Rfe1 $11) 24. Rxe3 Rxe3 25. Qb1 Rbe8 26. f6 gxf6 27. Nf3 {[%emt 0:10:00] Dodges Ne1} Bxf3 28. Qf5 (28. Rxf3 Re1+ (28... Rxf3 29. Kxg2 Rxf4 30. b4 $17) 29. Qxe1 Nxe1 30. Rc3) 28... Be4 {[%emt 0:00:45] Black is clearly winning.} 29. Qxf6 Rxh3 30. f5 Ne3 {[%emt 0:03:39][%csl LRf1,LRg4] And now ...Rh1+ would win.} 31. Rf4 Bc6 {[%emt 0:03:20] Weighted Error Value: White=1.01/Black=0.41.  Loses game:     	White=2     	---        Missed win:     	---       	Black=1      Mistake:       	White=4     	Black=2      Inaccurate:     	White=3     	Black=2      OK:         	White=3     	Black=9      Best:        	White=1     	Black=3      Strong:       	---       	Black=1} 0-1

[Event "7th Sharjah Challengers 2024"]
[Site "Sharjah"]
[Date "2024.05.18"]
[Round "5.5"]
[White "Burmakin, Vladimir"]
[Black "Liyanage, Ranindu Dilshan"]
[Result "1/2-1/2"]
[ECO "A13"]
[WhiteElo "2483"]
[BlackElo "2362"]
[Annotator "RC"]
[PlyCount "123"]
[EventDate "2024.05.13"]
[EventType "swiss"]
[EventCountry "UAE"]
[SourceTitle "playchess.com"]
[Source "ChessBase"]
[SourceQuality "1"]
[TimeControl "5400+30"]

1. c4 e6 2. Nf3 d5 3. g3 Nf6 4. Bg2 dxc4 5. Qa4+ Nbd7 6. Qxc4 a6 7. Qc2 c5 8. a4 b6 9. Nc3 Bb7 10. O-O Rc8 11. d3 Bd6 12. Rd1 O-O 13. Bd2 Qc7 14. Rac1 Rfd8 15. Qb1 Qb8 16. b3 h6 17. Be1 Ne5 18. Nxe5 Bxe5 19. Bxb7 Qxb7 20. b4 cxb4 21. Qxb4 Bd4 22. Nb1 e5 23. Qb3 Nd5 24. Rc4 Rc6 25. Rdc1 Rxc4 26. dxc4 Nf6 27. a5 Rb8 28. e3 Bc5 29. axb6 Qd7 30. Qd1 Qh3 31. Qf3 e4 32. Qg2 Qe6 33. Bc3 Nd7 34. Nd2 f5 35. g4 fxg4 36. Qxe4 Qxe4 37. Nxe4 Bxb6 38. Bd4 Bc7 39. Kg2 Kf7 40. Nc3 Be5 41. c5 Rc8 42. Ra1 Bf6 43. Rxa6 Nxc5 44. Ra7+ Ke6 45. Bxf6 gxf6 46. Ne2 Kf5 47. Rg7 h5 48. Ng3+ Ke6 49. Nxh5 f5 50. Rg6+ Ke5 51. Nf4 Rc7 52. Rb6 Ke4 53. Rd6 Ke5 54. Rh6 Ke4 55. Rg6 Rc8 56. Rb6 Rc7 57. Rb4+ Ke5 58. Rc4 Kd6 59. Rd4+ Ke5 60. Rd5+ Kf6 61. Rd6+ Ke5 62. Rb6 1/2-1/2

[Event "7th Sharjah Challengers 2024"]
[Site "Sharjah"]
[Date "2024.05.18"]
[Round "5.6"]
[White "Romany, Joy"]
[Black "Ahmad, Al Khatib"]
[Result "0-1"]
[ECO "A64"]
[WhiteElo "1975"]
[BlackElo "2380"]
[Annotator "TA"]
[PlyCount "50"]
[EventDate "2024.05.13"]
[EventType "swiss"]
[EventCountry "UAE"]
[SourceTitle "playchess.com"]
[Source "ChessBase"]
[SourceQuality "1"]
[TimeControl "5400+30"]

1. d4 Nf6 2. c4 e6 3. g3 c5 4. d5 exd5 5. cxd5 d6 6. Nc3 g6 7. Bg2 Bg7 8. Nf3 O-O 9. O-O a6 10. a4 Re8 11. Nd2 Nbd7 12. Nc4 Ne5 13. Nxe5 Rxe5 14. Qc2 Rh5 15. h4 Ng4 16. Bg5 (16. e4 $11) 16... Rxg5 $1 $17 17. hxg5 Qxg5 {[%emt 0:00:07] [#] Hoping for ...Qh6.} 18. e3 $2 (18. Bf3 $17 {was the only defense.}) 18... Qh5 $19 19. Rfe1 Qh2+ 20. Kf1 Ne5 {[%emt 0:00:36][%mdl 1024] ...Bf5 is the strong threat. Black has strong compensation.} 21. Qe4 (21. Ne4) 21... Bg4 {[%emt 0:02:34] [#] aiming for ...f5.} 22. Rec1 (22. f4 $142 Bf5 23. fxe5 Bxe4 24. Nxe4) 22... f5 23. Qc2 Nf3 {[%emt 0:01:14] ( -> ...Qg1+)} 24. Bxf3 Bxf3 25. Ke1 Bxc3+ {[%emt 0:01:32] White got outplayed after the opening.   Weighted Error Value: White=1.61/Black=0.14 (very precise) .  Loses game:     	White=1     	---        Mistake:       	White=3     	---        Inaccurate:     	White=1     	---        OK:         	---       	Black=2      Best:        	---       	Black=2      Strong:       	---       	Black=1} 0-1

[Event "7th Sharjah Challengers 2024"]
[Site "Sharjah"]
[Date "2024.05.18"]
[Round "5.7"]
[White "Laddha, Shubh Jayesh"]
[Black "Rios Gomez, Cristhian Camilo"]
[Result "1/2-1/2"]
[ECO "B33"]
[WhiteElo "2325"]
[BlackElo "2472"]
[Annotator "TA"]
[PlyCount "41"]
[EventDate "2024.05.13"]
[EventType "swiss"]
[EventCountry "UAE"]
[SourceTitle "playchess.com"]
[Source "ChessBase"]
[SourceQuality "1"]
[TimeControl "5400+30"]

1. e4 c5 2. Nf3 Nc6 3. d4 cxd4 4. Nxd4 Nf6 5. Nc3 e5 6. Ndb5 d6 7. Bg5 a6 8. Na3 b5 9. Nab1 Be7 10. Bxf6 Bxf6 11. a4 b4 12. Nd5 O-O 13. Bc4 Be6 14. O-O g6 15. c3 {[%emt 0:12:56] White has an edge.} bxc3 16. Nbxc3 {[%emt 0:00:48] A dynamic duo of knights.} Bg7 17. Qd3 a5 18. b3 Kh8 19. Rad1 f5 (19... Nd4 $11) 20. f3 f4 21. Nb5 {[%emt 0:00:00] Weighted Error Value: White=0.15 (very precise) /Black=0.23 (precise) .  Mistake:       	---       	Black=1      Inaccurate:     	White=2     	Black=3      OK:         	White=3     	Black=2} 1/2-1/2

[Event "7th Sharjah Challengers 2024"]
[Site "Sharjah"]
[Date "2024.05.18"]
[Round "5.8"]
[White "Hakobyan, Erik"]
[Black "Nitish Belurkar"]
[Result "0-1"]
[ECO "C01"]
[WhiteElo "2340"]
[BlackElo "2451"]
[Annotator "TA"]
[PlyCount "58"]
[EventDate "2024.05.13"]
[EventType "swiss"]
[EventCountry "UAE"]
[SourceTitle "playchess.com"]
[Source "ChessBase"]
[SourceQuality "1"]
[TimeControl "5400+30"]

1. e4 e6 2. d4 d5 3. exd5 exd5 4. Nf3 Bd6 5. c4 Nf6 6. c5 Be7 7. Qa4+ Bd7 8. Qb3 Nc6 9. Nc3 {[%emt 0:06:00][%cal Of1b5] The position is equal.} O-O 10. Be3 b6 11. cxb6 axb6 12. Be2 Bf5 13. a3 {[%emt 0:08:41] Wards off Nb4} Na5 14. Qd1 c5 15. O-O c4 16. Ne5 Ne4 17. Nxe4 (17. Bg4 $15 Bg6 18. Qe1) 17... Bxe4 $17 18. Rc1 f6 19. Nf3 b5 20. Nd2 Bg6 21. Bh5 Bd3 22. Be2 Bf5 {[%emt 0:01:13] Black is more active.} 23. Bg4 {[%emt 0:06:10] White does not recover from this.} (23. h3 $17) 23... Bxg4 $1 $19 24. Qxg4 {[%emt 0:00:14] [#]} f5 $1 25. Qg3 {[%emt 0:01:58] [#]} f4 $1 26. Bxf4 {[%emt 0:00:45] [#]} Rxf4 27. Qxf4 {[%emt 0:00:08] Qf5 would now be deadly.} Bg5 28. Qf5 Bxd2 29. Rc2 Nb3 {[%emt 0:02:04] Weighted Error Value: White=0.18 (very precise) /Black=0.03 (flawless) .  Mistake:       	White=2     	---        Inaccurate:     	White=1     	---        OK:         	White=10    	Black=11     Best:        	---       	Black=3      Strong:       	---       	Black=2      Brilliant:      	---       	Black=2} 0-1

[Event "7th Sharjah Challengers 2024"]
[Site "Sharjah"]
[Date "2024.05.18"]
[Round "5.9"]
[White "Mohammad Fahad, Rahman"]
[Black "Anwesh, Upadhyaya"]
[Result "1/2-1/2"]
[ECO "E07"]
[WhiteElo "2435"]
[BlackElo "2345"]
[Annotator "TA"]
[PlyCount "56"]
[EventDate "2024.05.13"]
[EventType "swiss"]
[EventCountry "UAE"]
[SourceTitle "playchess.com"]
[Source "ChessBase"]
[SourceQuality "1"]
[TimeControl "5400+30"]

1. d4 d5 2. c4 c6 3. Nc3 Nf6 4. Nf3 e6 5. g3 Nbd7 6. Bg2 Be7 7. O-O O-O 8. Qd3 b6 9. e4 Bb7 10. Nd2 dxc4 11. Nxc4 b5 12. Ne3 b4 13. Ne2 e5 {[%emt 0:15:00] [#]} (13... c5 $11 14. Rd1 cxd4 15. Nxd4 a5) 14. Rd1 (14. Qc2 $1 $16) 14... Re8 15. Nc4 Qc7 16. Qc2 Ba6 17. h3 Rad8 18. Be3 c5 19. Nxe5 Bxe2 {[%emt 0:05:11] The position is equal.} 20. Qxe2 {[%emt 0:00:00] [#] And now Nxd7 would win.} cxd4 21. Nxd7 dxe3 22. Nxf6+ $1 Bxf6 23. Qxe3 Bxb2 24. Rab1 {[%emt 0:00:00] Strongly threatening Rxd8.} Bc3 25. Bf1 a5 26. Bb5 {[%emt 0:00:00] Against Qc6} Re7 27. Ba4 Rf8 28. Rd5 Qc4 {[%emt 0:02:42] Weighted Error Value: White=0.11 (very precise) /Black=0.17 (very precise) .  Mistake:       	White=1     	Black=1      Inaccurate:     	White=2     	Black=2      OK:         	White=8     	Black=7      Best:        	White=1     	Black=2      Strong:       	White=1     	---} 1/2-1/2

[Event "7th Sharjah Challengers 2024"]
[Site "Sharjah"]
[Date "2024.05.18"]
[Round "5.10"]
[White "Suyarov, Mukhammadzokhid"]
[Black "Ezat, Mohamed"]
[Result "1-0"]
[ECO "C88"]
[WhiteElo "2431"]
[BlackElo "2342"]
[Annotator "TA"]
[PlyCount "71"]
[EventDate "2024.05.13"]
[EventType "swiss"]
[EventCountry "UAE"]
[SourceTitle "playchess.com"]
[Source "ChessBase"]
[SourceQuality "1"]
[TimeControl "5400+30"]

1. e4 e5 2. Nf3 Nc6 3. Bb5 a6 4. Ba4 Nf6 5. O-O Be7 6. Re1 b5 7. Bb3 O-O 8. h3 d5 9. exd5 Nxd5 10. Nxe5 Nxe5 11. Rxe5 c6 (11... Nb6 $11 {keeps the balance.}) 12. Nc3 (12. Re1 $16) 12... Nxc3 $1 $11 13. bxc3 Bf6 14. Re3 {[%emt 0:21:23] White is slightly better.} c5 {[%emt 0:09:54] Strongly threatening ...c4.} 15. Qf3 Ra7 16. Bd5 Rd7 17. Be4 b4 18. Bd3 (18. Qf5 $14 g6 19. Qxc5 bxc3 20. d3 (20. dxc3 $2 Be7 $17)) 18... g6 19. Bb2 c4 20. Bxc4 Bb7 21. Qg4 Rxd2 22. Bb3 (22. Rb1 $11) 22... a5 $1 $17 23. Rae1 a4 $1 24. Bxa4 (24. Bxf7+ $17 Kxf7 25. Qxb4) 24... bxc3 $1 $19 25. Ba3 (25. Bxc3 Bxc3 26. Rxc3 Rd4 $19) 25... Rd4 $4 (25... Bh4 $1 $19 26. g3 Qf6) 26. Qg3 ({White should try} 26. Qe2 $1 $18 {Re8 would now be deadly.} Qd5 (26... Rxa4 $2 27. Bxf8 Qd5 28. Rf3 $18) 27. Rg3) 26... Bh4 $16 (26... Rxa4 $2 27. Bxf8 Kxf8 28. Re8+ Qxe8 29. Rxe8+ Kxe8 30. Qb8+ Bd8 31. Qxb7 Rxa2 32. Qc6+ Ke7 33. Qc5+ (33. Qxc3 Ra6 $18) 33... Ke8 34. Qxc3 $18) 27. Qe5 $36 {[%emt 0:04:17][%mdl 2048] Keeping Black busy.} Rxa4 $2 {[%emt 0:01:16] A mistake that costs the game.} (27... Qg5 $16 28. Qxg5 (28. Qxd4 $2 Qxg2#) 28... Bxg5) 28. Bxf8 $18 Qxf8 {[%emt 0:00:12] [#]} 29. g3 $1 Bd8 30. Qb5 {[%emt 0:00:22] Prevents Bb6.} Rb4 {[%emt 0:00:05] [#]} (30... Rxa2 $2 {is the wrong capture.} 31. Re8 $18 (31. Qxb7 Kg7 $18) (31. Qxb7 Kg7 $18)) 31. Qd7 {[%emt 0:00:14][%cal Oe3e8] Black must now prevent Re8!} Kg7 32. Re8 (32. Rxc3 $2 {too greedy.} Bf6 33. Rc7 Rd4 $19) 32... Qc5 33. Qxd8 Qc6 $2 (33... Qd5 $18 34. Rg8+ Kh6 35. Qxd5 (35. Qf8+ Kh5 $18) 35... Bxd5) 34. Rg8+ {[%emt 0:00:06] White mates.} Kh6 35. Qf8+ Kg5 36. Re5+ {[%emt 0:00:06] Weighted Error Value: White=0.21 (precise) /Black=0.38.  Loses game:     	---       	Black=1      Missed win:     	---       	Black=1      Mistake:       	White=4     	Black=1      Inaccurate:     	White=2     	Black=1      OK:         	White=11    	Black=10     Best:        	White=2     	Black=2      Strong:       	White=1     	Black=4} 1-0

[Event "7th Sharjah Challengers 2024"]
[Site "Sharjah"]
[Date "2024.05.18"]
[Round "5.11"]
[White "Peycheva, Gergana"]
[Black "Harsh Suresh"]
[Result "1/2-1/2"]
[ECO "D35"]
[WhiteElo "2295"]
[BlackElo "2417"]
[Annotator "TA"]
[PlyCount "59"]
[EventDate "2024.05.13"]
[EventType "swiss"]
[EventCountry "UAE"]
[SourceTitle "playchess.com"]
[Source "ChessBase"]
[SourceQuality "1"]
[TimeControl "5400+30"]

1. d4 d5 2. c4 e6 3. Nc3 Nf6 4. cxd5 exd5 5. Bg5 Bb4 6. e3 h6 7. Bxf6 Qxf6 8. Qb3 Qd6 9. a3 {[%emt 0:00:38] The position is equal.} Bxc3+ 10. Qxc3 O-O 11. Bd3 Re8 12. Nf3 c6 13. O-O Qf6 14. b4 Bf5 15. Ne5 Bxd3 16. Qxd3 (16. Nxd3 {simplifies} Nd7 17. b5 Nb6 18. bxc6 Qxc6 19. Qxc6 bxc6 20. Rfb1) 16... Qd6 17. Rfc1 f6 18. Qg6 Qe6 19. Nd3 {[%emt 0:08:04] [#] Nc5 is the strong threat.} Nd7 20. Nc5 (20. b5 $5) 20... Nxc5 21. Rxc5 Rec8 (21... f5 {simplifies} 22. Qxe6+ Rxe6 23. a4 a6) 22. Rac1 a6 23. a4 {[%emt 0:01:35] White has more active pieces.} Qd6 24. b5 (24. g3 {simplifies} Qd7 25. Qc2 Qe6 26. b5) 24... axb5 25. axb5 Ra5 26. bxc6 (26. Qf5 $16 Rd8 27. bxc6 Rxc5 28. Rxc5 bxc6 29. g3) 26... Rxc5 $11 27. Rxc5 Rxc6 28. Qe8+ Kh7 29. Rxc6 bxc6 30. g3 {[%emt 0:01:50] Weighted Error Value: White=0.12 (very precise) /Black=0.09 (flawless) .  Mistake:       	White=1     	---        Inaccurate:     	White=3     	Black=3      OK:         	White=9     	Black=6      Best:        	---       	Black=3} 1/2-1/2

[Event "7th Sharjah Challengers 2024"]
[Site "Sharjah"]
[Date "2024.05.18"]
[Round "5.12"]
[White "Imomkuzieva, Nilufarkhon"]
[Black "Kazarian, Anna-Maja"]
[Result "1/2-1/2"]
[ECO "C10"]
[WhiteElo "1922"]
[BlackElo "2182"]
[Annotator "RC"]
[PlyCount "77"]
[EventDate "2024.05.13"]
[EventType "swiss"]
[EventCountry "UAE"]
[SourceTitle "playchess.com"]
[Source "ChessBase"]
[SourceQuality "1"]
[TimeControl "5400+30"]

1. e4 e6 2. d4 d5 3. Nc3 Nf6 4. Bg5 dxe4 5. Nxe4 Nbd7 6. Nf3 h6 7. Nxf6+ Nxf6 8. Be3 Nd5 9. Bd2 c5 10. c4 Nf6 11. dxc5 Bxc5 12. b4 Be7 13. c5 O-O 14. Bc4 Ne4 15. Be3 Bf6 16. Bd4 Bxd4 17. Qxd4 Qxd4 18. Nxd4 a5 19. f3 Nc3 20. b5 Rd8 21. Ne2 Na4 22. c6 Nb2 23. Rc1 bxc6 24. bxc6 Nxc4 25. Rxc4 Ba6 26. Rc2 Bd3 27. Rd2 Rac8 28. Kf2 Bb5 29. Rxd8+ Rxd8 30. c7 Rc8 31. Rc1 Bd7 32. Nd4 Kf8 33. Nb3 a4 34. Na5 Ke7 35. Rc5 Kd6 36. Nb7+ Ke7 37. Na5 Kd6 38. Nb7+ Ke7 39. Na5 1/2-1/2